 Dungeon Crawl Stone Soup version 0.30.1-3-gfc49f6343a (webtiles) character file.

Game seed: 5807935678066138755

4106 Peloso the Carver (level 10, -6/88 HPs)
             Began as a Minotaur Fighter on Aug 1, 2023.
             Was a Priest of Okawaru.
             Killed from afar by an acid dragon (27 damage)
             ... with a splash of acid
             ... on level 8 of the Dungeon.
             The game lasted 00:10:00 (6911 turns).

Peloso the Carver (Minotaur Fighter)                Turns: 6911, Time: 00:10:00

Health: -6/88      AC: 11    Str: 22    XL:     10   Next: 6%
Magic:  6/9        EV: 10    Int:  5    God:    Okawaru [***...]
Gold:   329        SH: 16    Dex: 13    Spells: 9/9 levels left

rFire   . . .        a - +2 long sword (freeze)
rCold   + . .        d - +0 tower shield
rNeg    . . .        C - +0 chain mail
rPois   +            (helmet restricted)
rElec   +            (no cloak)
rCorr   .            t - +0 pair of gloves
SInv    .            (no boots)
Will    .....        m - amulet "Jemiary" {Faith Drain +Blink rElec rC+} Stlth
                     p - ring of poison resistance
HPRegen 0.34/turn    B - +4 ring of protection
MPRegen 0.11/turn

%: faith
@: heroic, corroded
A: horns 2, retaliatory headbutt
a: Renounce Religion, Evoke Blink, Heroism


You were on level 8 of the Dungeon.
You worshipped Okawaru.
Okawaru was most pleased with you.
You visited 2 branches of the dungeon, and saw 9 of its levels.

You collected 329 gold pieces.

Inventory:

Hand Weapons
 a - a +2 long sword of freezing (weapon)
 b - a +0 whip of flaming
 c - a +4 long sword
Armour
 d - a +0 tower shield (worn)
 t - a +0 pair of gloves (worn)
 C - a +0 chain mail (worn)
Jewellery
 m - the amulet "Jemiary" (around neck) {Faith Drain +Blink rElec rC+}
   (You found it on level 5 of the Dungeon)

   [amulet of faith]

   It allows you to gain divine favour quickly.
   rC:        It protects you from cold.
   rElec:     It insulates you from electricity.
   +Blink:    It lets you blink.
   Drain:     It drains your maximum health when unequipped.
 p - a ring of poison resistance (left hand)
 B - a +4 ring of protection (right hand)
Wands
 w - a wand of acid (11)
 y - a wand of iceblast (6)
Scrolls
 f - a scroll of blinking {unknown}
 g - a scroll of magic mapping
 h - a scroll of fear {unknown}
 i - 2 scrolls of enchant armour {unknown}
 j - a scroll of noise {unknown}
 k - 3 scrolls of poison {unknown}
 u - 2 scrolls of teleportation {unknown}
 v - a scroll of enchant weapon {unknown}
 z - 2 scrolls of fog {unknown}
Potions
 e - 2 potions of resistance
 l - a potion of invisibility
 n - a potion of curing {unknown}
 o - 2 potions of might
 q - 2 potions of lignification {unknown}
 r - 2 potions of heal wounds {unknown}
 s - 2 potions of ambrosia {unknown}
 x - 3 potions of brilliance {unknown}
 A - a potion of magic {unknown}


   Skills:
 + Level 8.2(13.2) Fighting
 + Level 10.8(15.8) Long Blades
 + Level 10.3(15.3) Armour
 + Level 2.8(7.8) Dodging
 + Level 1.0(6.0) Stealth
 + Level 6.4(11.4) Shields
 + Level 0.8 Invocations


You had 9 spell levels left.
You didn't know any spells.
Your spell library contained the following spells:

 Spells                   Type           Power      Damage    Failure   Level
 Apportation              Tloc           0%         N/A       100%        1
 Magic Dart               Conj           0%         1d3       100%        1
 Necrotise                Necr           0%         1d4       100%        1
 Searing Ray              Conj           0%         2d4       100%        2
 Fulminant Prism          Conj/Hex       0%         3d5       100%        4
 Summon Small Mammal      Summ           Unusable   N/A       N/A         1

Dungeon Overview and Level Annotations

Branches:
Dungeon (8/15)             Temple (1/1) D:5
   Lair: D:8-11

Altars:
Ashenzari
Dithmenos
Elyvilon
Fedhas
Gozag
Hepliaklqana
Kikubaaqudgha
Makhleb
Nemelex Xobeh
Okawaru
Qazlal
Ru
Sif Muna
Trog
Uskayaw
Vehumet
Wu Jian
Xom
Yredelemnul
Zin
The Shining One

Annotations:
D:3 1 runed translucent door, tykejmi's ghost, amateur DrEE


Innate Abilities, Weirdness & Mutations

You have a pair of horns on your head.
You reflexively headbutt those who attack you in melee.


Message History

You hit the wight.
The wight is moderately damaged.
You block the wight's attack. x2
You slash the wight!
The wight is almost destroyed.
The wight barely misses you. You furiously retaliate!
You headbutt the wight!
You destroy the wight!
Okawaru accepts your kill.
You hit the acid dragon. You freeze the acid dragon.
You headbutt the acid dragon!
The acid dragon is moderately wounded.
You block the acid dragon's attack. The acid dragon claws you.
You hit the acid dragon but do no damage.
The acid dragon is moderately wounded.
You block the acid dragon's attack. x2
You hit the acid dragon but do no damage.
The acid dragon is moderately wounded.
You block the acid dragon's attack.
The acid dragon claws you but does no damage.
You closely miss the acid dragon. You headbutt the acid dragon.
The acid dragon is heavily wounded.
The acid dragon spits acid at you.
The splash of acid hits you but does no damage.
The acid corrodes you!
You barely miss the acid dragon.
The acid dragon is heavily wounded.
You block the acid dragon's attack.
The acid dragon claws you but does no damage.
You barely miss the acid dragon. Your headbutt misses the acid dragon.
The acid dragon is heavily wounded.
The acid dragon bites you!
* * * LOW HITPOINT WARNING * * *
The acid dragon claws you.
* * * LOW HITPOINT WARNING * * *
The acid dragon spits acid at you. You block the splash of acid.
You gain the combat prowess of a mighty hero.
The acid dragon spits acid at you. The splash of acid hits you!!
You die...

....## ###
....>. ..#
......# #.#
....... #.#
..... #.# ...
#.#
#D####.#########
#.@.†...<.......
############....
.


You could see an acid dragon (catching breath).

Vanquished Creatures
  Gastronok (D:8)
  Pikel (D:4)
  3 yaks (D:8)
  A water moccasin (D:7)
  A black bear (D:5)
  An ice beast (D:6)
  A centaur (D:6)
  2 phantoms (D:5)
  2 bullfrogs
  A gnoll sergeant (D:6)
  3 scorpions
  5 wights
  3 killer bees (D:7)
  A howler monkey (D:5)
  A gnoll bouda (D:7)
  4 hounds
  2 jellies
  An orc priest (D:6)
  7 iguanas
  Jessica (D:3)
  Natasha (twice) (D:2)
  3 orc wizards (D:6)
  5 adders
  7 gnolls
  A white imp (D:6)
  6 ufetubi
  2 worms
  4 dart slugs
  13 orcs
  5 endoplasms
  3 giant cockroaches
  7 goblins
  5 hobgoblins
  7 jackals
  8 quokkas
  7 ball pythons
  5 bats
  2 frilled lizards
  6 kobolds
  4 rats
144 creatures vanquished.

Notes
Turn   | Place    | Note
-------+----------+-------------------------------------------
     0 | D:1      | Peloso the Minotaur Fighter began the quest for the Orb.
     0 | D:1      | Reached XP level 1. HP: 19/19 MP: 0/0
    98 | D:1      | Reached XP level 2. HP: 22/27 MP: 1/1
   408 | D:1      | Reached XP level 3. HP: 26/33 MP: 2/2
  1009 | D:2      | Reached XP level 4. HP: 41/41 MP: 3/3
  1265 | D:2      | Noticed Natasha
  1274 | D:2      | Killed Natasha
  1651 | D:2      | Noticed Natasha
  1657 | D:2      | Killed Natasha
  1746 | D:2      | You fall into a shaft and drop 1 floor!
  1746 | D:3      | Found a runed translucent door.
  1750 | D:3      | Noticed tykejmi's ghost (amateur DrEE)
  2054 | D:2      | Reached XP level 5. HP: 47/47 MP: 4/4
  2447 | D:3      | Noticed Jessica
  2453 | D:3      | Killed Jessica
  2882 | D:4      | Reached skill level 5 in Armour
  2917 | D:4      | Noticed a lemure
  2918 | D:4      | Noticed Pikel
  2918 | D:4      | Noticed a lemure
  2919 | D:4      | Noticed a lemure
  2919 | D:4      | Noticed a lemure
  2939 | D:4      | Killed Pikel
  2940 | D:4      | Reached skill level 5 in Fighting
  2940 | D:4      | Reached skill level 1 in Dodging
  2940 | D:4      | Reached XP level 6. HP: 12/56 MP: 5/5
  2940 | D:4      | Reached XP level 7. HP: 13/61 MP: 6/6
  3942 | D:5      | Entered Level 5 of the Dungeon
  4116 | D:5      | Reached XP level 8. HP: 42/70 MP: 7/7
  4121 | D:5      | Identified the amulet "Jemiary" {Faith Drain +Blink rElec
                  | rC+}
  4426 | D:5      | Found a staircase to the Ecumenical Temple.
  4435 | Temple   | Entered the Ecumenical Temple
  4435 | Temple   | Found a transporter.
  4435 | Temple   | Found a transporter.
  4437 | Temple   | Found a transporter.
  4437 | Temple   | Found a transporter.
  4466 | Temple   | Became a worshipper of Warmaster Okawaru
  4661 | D:5      | Found a burning altar of Makhleb.
  4965 | D:6      | Reached skill level 5 in Shields
  5008 | D:6      | Reached * piety under Okawaru
  5415 | D:6      | Found a faded altar of an unknown god.
  5415 | D:6      | Found a glowing silver altar of Zin.
  5423 | D:6      | Found a shimmering blue altar of Sif Muna.
  5425 | D:6      | Found a faded altar of an unknown god.
  5427 | D:6      | Found a shadowy altar of Dithmenos.
  5890 | D:7      | Reached XP level 9. HP: 73/79 MP: 8/8
  6142 | D:7      | Reached ** piety under Okawaru
  6885 | D:8      | Noticed Gastronok
  6902 | D:8      | Killed Gastronok
  6902 | D:8      | Reached *** piety under Okawaru
  6903 | D:8      | Reached skill level 10 in Long Blades
  6903 | D:8      | Reached skill level 10 in Armour
  6903 | D:8      | Reached skill level 1 in Stealth
  6903 | D:8      | Reached XP level 10. HP: 31/88 MP: 7/9
  6911 | D:8      | Killed from afar by an acid dragon

Illustrated notes

Levels and vault maps discovered:
D:1:      heliophobic_arrival_glass_houses, layout_rooms
D:2:      layout_basic, bh_walls_and_bars, uniq_natasha
D:3:      layout_loops_ring, ebering_ghost_reflecting_pool, uniq_jessica
D:4:      layout_loops_corners, uniq_pikel
D:5:      layout_loops_ring, mainiacjoe_overflow_surrounded_room,
          minmay_temple_entry_poolview, minmay_stone_trees_large,
          chequers_serial_rivers_marsh, chequers_serial_rivers_small_a,
          eino_curves_02, minmay_statues_item
D:6:      layout_basic, chequers_temple_overflow_minitemple,
          kennysheep_generic_room_11
D:7:      layout_loops_ring
D:8:      corexii_shack_village, layout_loops_ring,
          nicolae_figureground_sparkle, uniq_joseph, uniq_gastronok,
          uniq_prince_ribbit1
Temple:   hellmonk_temple_divided_pantheon

Skill      XL: |  1  2  3  4  5  6  7  8  9 |
---------------+----------------------------+-----
Armour         | 4 6 7 8 10 | 10.3
Fighting       | 4 5 7 8 |  8.2
Long Blades    | 3 4 6 7 8 10 | 10.8
Shields        | 4 5 6 |  6.4
Dodging        | 1 2 |  2.8
Stealth        | 1 |  1.0
Invocations    | |  0.8

Action                     |  1- 3 |  4- 6 |  7- 9 | 10-12 || total
---------------------------+-------+-------+-------+-------++-------
  Melee: Long sword        |    86 |    76 |   321 |     8 ||   491
         Headbutt          |    11 |    14 |    72 |     2 ||    99
 Invoke: Heroism           |       |       |     2 |     1 ||     3
    Use: Scroll            |     1 |       |     2 |       ||     3
 Armour: Scale mail        |    38 |    17 |       |       ||    55
         Chain mail        |       |    18 |   159 |     3 ||   180
  Dodge: Dodged            |    47 |    25 |   108 |     1 ||   181
  Block: Buckler           |    16 |    15 |    70 |       ||   101
         Tower shield      |       |       |     8 |     8 ||    16
